 Dungeon Crawl Stone Soup version 0.30.1 (webtiles) character file.

Game seed: 1153895417920362349

16 Arctor the Insei (level 2, -6/18 HPs)
             Began as an Octopode Transmuter on July 13, 2023.
             Mangled by Terence
             ... wielding a +0 flail
              (9 damage)
             ... on level 2 of the Dungeon.
             The game lasted 00:01:03 (896 turns).

Arctor the Insei (Octopode Transmuter)               Turns: 896, Time: 00:01:04

Health: -6/18      AC:  1    Str:  9    XL:     2   Next: 54%
Magic:  3/5        EV: 13    Int: 15    God:
Gold:   110        SH:  0    Dex: 12    Spells: 4/5 levels left

rFire   . .          .
                       - Unarmed
rCold   . . .        f - orb {*channel}
rNeg    . . .        (helmet restricted)
rPois   .            (no amulet)
rElec   .            (no ring)
rCorr   .            (no ring)
SInv    .            (no ring)
Will    .....        (no ring)
Stlth   ++           (no ring)
HPRegen 0.23/turn    (no ring)
MPRegen 0.09/turn    (no ring)
                     (no ring)

%: channel magic (20%)
@: no status effects
A: almost no armour, amphibious, 8 rings, camouflage 1, gelatinous body 1,
(nimble swimmer 1), tentacles
a: no special abilities


You were on level 2 of the Dungeon.
You visited 1 branch of the dungeon, and saw 2 of its levels.

You collected 110 gold pieces.

Inventory:

Armour
 f - an orb of energy (worn)
Scrolls
 b - 2 scrolls of summoning
 e - 2 scrolls of identify
Potions
 a - 3 potions of lignification
 c - a potion of attraction
 d - a potion of berserk rage {unknown}


   Skills:
 + Level 1.3 Fighting
 + Level 2.2 Dodging
 + Level 3.1 Unarmed Combat
 + Level 2.1 Spellcasting
 + Level 2.2 Transmutations


You had 4 spell levels left.
You knew the following spells:

 Your Spells              Type           Power      Damage    Failure   Level
a - Beastly Appendage     Tmut           16%        N/A       22%         1

Your spell library contained the following spells:

 Spells                   Type           Power      Damage    Failure   Level
 Wereblood                Tmut           8%         N/A       30%         2
 Spider Form              Tmut/Pois      4%         N/A       61%         3
 Ice Form                 Ice/Tmut       4%         N/A       92%         4


Dungeon Overview and Level Annotations

Branches:
Dungeon (2/15)

Altars:

Annotations:
D:2 Terence


Innate Abilities, Weirdness & Mutations

You cannot wear most types of armour.
You are amphibious.
You can wear up to eight rings at the same time.
Your skin changes colour to match your surroundings (Stealth+).
Your rubbery body absorbs attacks. (AC +1, EV +1)
((You are camouflaged when in or above water. (Stealth+)))
You have tentacles for arms and can constrict up to eight enemies at once.


Message History

The endoplasm misses you.
An endoplasm is nearby!
You tentacle-slap the endoplasm.
Your tentacle spike misses the endoplasm.
Your squeeze misses the endoplasm.
The endoplasm is severely wounded.
You fail to extend your transformation any further.
The endoplasm closely misses you.
You tentacle-slap the endoplasm.
You kill the endoplasm!
No target in view!
No target in view!
An endoplasm comes into view.
Terence the Incautious comes into view.
He is wielding a +0 flail.
Terence shouts!
You see here an orb of energy.
f - an orb of energy Your transformation is almost over.
You start putting on your armour.
You continue putting on your orb of energy.
Keep equipping yourself?
You continue putting on your orb of energy.
The endoplasm freezes you.
You are frozen.
You continue putting on your orb of energy.
The endoplasm closely misses you.
You continue putting on your orb of energy.
The endoplasm misses you. Terence barely misses you.
You finish putting on your orb of energy.
The endoplasm attacks as you move away!
The endoplasm hits you but does no damage.
Terence attacks as you move away! Terence closely misses you.
Terence attacks as you move away! Terence hits you with a +0 flail!
Ouch! That really hurt!
* * * LOW HITPOINT WARNING * * *
Your tentacle spike disappears.
Terence says, "Don't bother to defend, it's senseless."
Terence attacks as you move away! Terence hits you with a +0 flail!
Ouch! That really hurt!
You die...

#### #.. ##.##
##...##
#.####.....##
#.....@@<.#.#
#####..J....####..
#........w....
#.......####.
###...### #....
######


You could see Terence, a worm and an endoplasm.

Vanquished Creatures
  2 endoplasms
  2 giant cockroaches (D:1)
  A goblin (D:1)
  A ball python (D:1)
  4 bats (D:1)
  A frilled lizard (D:1)
  2 kobolds (D:1)
  3 rats (D:1)
16 creatures vanquished.

Notes
Turn   | Place    | Note
-------+----------+-------------------------------------------
     0 | D:1      | Arctor the Octopode Transmuter began the quest for the Orb.
     0 | D:1      | Reached XP level 1. HP: 13/13 MP: 3/3
   366 | D:1      | Reached XP level 2. HP: 18/18 MP: 5/5
   885 | D:2      | Noticed Terence
   896 | D:2      | Mangled by Terence

Illustrated notes

Levels and vault maps discovered:
D:1:      elethiomel_arrival_infinity_welcomes_careful_drivers, layout_rooms,
          minmay_splitting_lines
D:2:      layout_loops_ring, roderic_serpentine_path, uniq_crazy_yiuf_cottage,
          uniq_terence

Action                     || total
---------------------------++-------
  Melee: Unarmed           ||    26
         Constrict         ||     8
         Kick              ||     8
         Tentacles         ||     4
   Cast: Beastly Appendage ||    21
    Use: Scroll            ||     3
   Stab: Sleeping          ||     3
 Armour: Skin              ||     3
  Dodge: Dodged            ||    20
